 Dungeon Crawl Stone Soup version 0.30-a0-691-g754fce4c43 (webtiles) character file.

Game seed: 9326020879398504966

237 bmack86 the Chopper (level 5, -1/47 HPs)
             Began as a Minotaur Fighter on Jan 19, 2023.
             Killed from afar by an orc wizard (4 damage)
             ... with a puff of flame
             ... on level 4 of the Dungeon.
             The game lasted 00:06:42 (2388 turns).

bmack86 the Chopper (Minotaur Fighter)              Turns: 2388, Time: 00:06:43

Health: -1/47      AC:  8    Str: 22    XL:     5   Next: 77%
Magic:  4/4        EV:  9    Int: 11    God:
Gold:   112        SH:  0    Dex: 10    Spells: 4/4 levels left

rFire   . . .      SeeInvis .    a - +0 war axe
rCold   . . .      Faith    .    c - +0 buckler
rNeg    . . .      Spirit   .    b - +0 scale mail
rPois   .          Reflect  +    (helmet restricted)
rElec   .          Harm     .    (no cloak)
rCorr   .          Rampage  .    r - +0 pair of gloves
Will    .....                    (no boots) Stlth
                                 f - amulet of reflection
HPRegen 0.27/turn                q - +6 ring of intelligence
MPRegen 0.09/turn                (no ring)

@: confused
A: horns 2, retaliatory headbutt
a: no special abilities


You were on level 4 of the Dungeon.
You visited 1 branch of the dungeon, and saw 4 of its levels.

You collected 132 gold pieces.
You spent 20 gold pieces at shops.

Inventory:

Hand Weapons
 a - a +0 war axe (weapon)
 l - a +0 battleaxe
Missiles
 s - 4 atropa-tipped darts (quivered)
Armour
 b - a +0 scale mail (worn)
 c - a +0 buckler (worn)
 r - a +0 pair of gloves (worn)
Jewellery
 f - an amulet of reflection (around neck)
 q - a +6 ring of intelligence (left hand)
Wands
 p - a wand of roots (7)
Scrolls
 i - a scroll of immolation
 j - 2 scrolls of teleportation
Potions
 e - 2 potions of attraction
 g - 2 potions of brilliance
 k - 2 potions of mutation
 o - 2 potions of curing


   Skills:
 + Level 4.8 Fighting
 * Level 4.9 Axes
 + Level 4.7 Armour
 + Level 4.6 Shields
 + Level 0.7 Evocations


You had 4 spell levels left.
You didn't know any spells.
Your spell library contained the following spells:

 Spells                   Type           Power      Damage    Failure   Level
 Sting                    Tmut/Pois      0%         1d3       75%         1
 Poisonous Vapours        Pois/Air       0%         N/A       86%         2
 Olgreb's Toxic Radiance  Pois           0%         N/A       100%        4
 Lightning Bolt           Conj/Air       0%         1d11      100%        5
 Iron Shot                Conj/Erth      0%         9d1       100%        6
 Chain Lightning          Conj/Air       0%         N/A       100%        9


Dungeon Overview and Level Annotations

Branches:
Dungeon (4/15)
 Temple: D:4-7

Altars:
Cheibriados
Qazlal
Yredelemnul

Shops:
D:4 *


Innate Abilities, Weirdness & Mutations

You have a pair of horns on your head.
You reflexively headbutt those who attack you in melee.


Message History

The orc barely misses you. The orc attacks as you move away!
The orc hits you but does no damage. The orc attacks as you move away!
The orc barely misses you.
The orc wizard hits you with a +0 dagger.
* * * LOW HITPOINT WARNING * * *
You bump into the rock wall.
The orc barely misses you.
You hear some strange, mumbled words.
A magic dart appears from out of thin air!
The magic dart hits you but does no damage.
The orc wizard hits you but does no damage.
You hit the orc wizard.
The orc wizard is moderately wounded.
You hit the orc but do no damage. You completely miss something.
The orc hits you but does no damage. Something hits you but does no damage.
The orc wizard misses you.
An orc comes into view. It is wielding a +0 dagger of flaming.
You miss the orc wizard.
The orc wizard is moderately wounded.
You completely miss something. Something hits you.
* * * LOW HITPOINT WARNING * * *
The orc wizard hits you with a +0 dagger.
* * * LOW HITPOINT WARNING * * *
The orc attacks as you move away! The orc hits you with a +0 whip.
* * * LOW HITPOINT WARNING * * *
The orc wizard hits you with a +0 dagger.
* * * LOW HITPOINT WARNING * * *
You bump into the rock wall.
The orc barely misses you. Something hits you but does no damage.
The orc wizard closely misses you.
You bump into the rock wall.
The orc closely misses you.
You hear some strange, mumbled words.
A puff of flame appears from out of thin air!
The puff of flame hits you but does no damage.
The orc wizard hits you but does no damage.
You hit the orc.
You kill the orc!
You miss the orc wizard. You miss something. Something hits you.
* * * LOW HITPOINT WARNING * * *
The orc wizard points at you and mumbles some strange words.
The puff of flame hits you.
You die...

...o..# ###...
....o..
###..... #
#.oo..
###.....## ###.
#...###....####
.'.
####....####
#.###)....###
#.......###
#####.{oo.###
......o@###
......###
....## ..# . ##
#. ##. ###..
##..#.


You could see an orc wizard and 2 orcs.

Vanquished Creatures
  A phantom (D:4)
  2 orc wizards
  3 adders
  A worm (D:3)
  3 dart slugs
  13 orcs
  7 ball pythons
  5 endoplasms
  2 giant cockroaches (D:3)
  6 hobgoblins
  3 quokkas
  A bat (D:2)
  3 frilled lizards
  2 goblins (D:1)
  5 kobolds
  5 rats
62 creatures vanquished.

Notes
Turn   | Place    | Note
-------+----------+-------------------------------------------
     0 | D:1      | bmack86 the Minotaur Fighter began the quest for the Orb.
     0 | D:1      | Reached XP level 1. HP: 19/19 MP: 0/0
   110 | D:1      | Reached XP level 2. HP: 27/27 MP: 1/1
   206 | D:1      | Got Iskenderun's Directory of the Volley
   993 | D:2      | Reached XP level 3. HP: 33/33 MP: 2/2
  1339 | D:2      | Found a faded altar of an unknown god.
  1482 | D:3      | Reached XP level 4. HP: 38/40 MP: 3/3
  1485 | D:3      | Found a snail-covered altar of Cheibriados.
  1799 | D:3      | Reached XP level 5. HP: 47/47 MP: 4/4
  1885 | D:3      | Found a stormy altar of Qazlal.
  1919 | D:3      | Found a basalt altar of Yredelemnul.
  2077 | D:4      | Found Nupask's General Store.
  2093 | D:4      | Bought a scroll of identify for 20 gold pieces
  2213 | D:4      | Noticed a phantom
  2232 | D:4      | Killed a phantom
  2388 | D:4      | Killed from afar by an orc wizard

Illustrated notes

Levels and vault maps discovered:
D:1:      amcnicky_arrival_flooded_fountain, layout_loops_ring,
          wad_floor_pattern_2, minmay_misc_feat_ornament
D:2:      layout_basic, shapermc_ecumenical_altar_mp_vishouse,
          due_unseen_surprise
D:3:      layout_rooms, cheibriados_altar_1, marbit_many_paths,
          old_standard_altar
D:4:      layout_cave_pods, lemuel_doored_altar, serial_shops, shop

Skill      XL: |  1  2  3  4 |
---------------+-------------+-----
Axes           | 3 4 |  4.9
Fighting       | 4 |  4.8
Armour         | 4 |  4.7
Shields        | 4 |  4.6
Evocations     | |  0.7

Action                   |  1- 3 |  4- 6 || total
-------------------------+-------+-------++-------
Melee: War axe           |    80 |    85 ||   165
       Headbutt          |     6 |     8 ||    14
  Use: Scroll            |     1 |     8 ||     9
       Potion            |       |     1 ||     1
Armor: Scale mail        |    25 |    66 ||    91
Dodge: Dodged            |    25 |    48 ||    73
Block: Buckler           |    32 |    49 ||    81
       Reflection        |     1 |       ||     1

Table legend: (Time is in decaauts)
 A = Elapsed time spent in this place.
 B = Non-inter-level travel time spent in this place.
 C = Inter-level travel time spent in this place.
 D = Time resting spent in this place.
 E = Time spent auto-exploring this place.
 F = Levels seen in this place.
 G = Mean time per level.
                   A        B        C        D        E       F      G
               +--------+--------+--------+--------+--------+-----+--------+
         Total |   2446 |   2365 |     81 |    105 |   1368 |   4 |  611.5 |
       Dungeon |   2446 |   2365 |     81 |    105 |   1368 |   4 |  611.5 |
               +--------+--------+--------+--------+--------+-----+--------+

Top non-repeatable levels by time:
     D:1: 859 daAuts
     D:2: 647 daAuts
     D:3: 616 daAuts
     D:4: 323 daAuts
